 Dungeon Crawl Stone Soup version 0.29.1-13-g9f3cf754e1 (webtiles) character file.

Game seed: 11451155533669954698

166 ChrisAssaf the Magician (level 5, -1/37 HPs)
             Began as a Djinni Conjurer on Feb 2, 2023.
             Was a Priest of Cheibriados.
             Slain by Duvessa
             ... wielding a +0 rapier
              (11 damage)
             ... on level 5 of the Dungeon.
             The game lasted 00:08:58 (2041 turns).

ChrisAssaf the Magician (Djinni Conjurer)           Turns: 2041, Time: 00:08:59

Health: -1/37      AC:  2    Str: 12    XL:     5   Next: 76%
Gold:   86         EV: 17    Int: 27    God:    Cheibriados [***...] SH:  0 Dex: 18

rFire   + + .      SeeInvis .   c - +3 dagger (venom)
rCold   x . .      Faith    .   (no shield)
rNeg    . . .      Spirit   .   a - +0 robe
rPois   ∞          Reflect  .   (no helmet)
rElec   .          Harm     .   (no cloak)
rCorr   .          Rampage  .   (no gloves)
Will    .....                   (boots unavailable)
Stlth   ++........              (no amulet)
HPRegen 0.12/turn               g - +4 ring of slaying
MPRegen 0.00/turn               o - +4 ring of evasion

@: about to teleport, flying, very slightly contaminated, very slow
A: sickness immunity, fire resistance 2, cold vulnerability 1, float, innate
caster, HP casting, extra vitality 1
a: Renounce Religion, Bend Time, Temporal Distortion


You were on level 5 of the Dungeon.
You worshipped Cheibriados.
Cheibriados was most pleased with you.
You visited 1 branch of the dungeon, and saw 5 of its levels.

You collected 110 gold pieces.
You spent 24 gold pieces at shops.

Inventory:

Hand Weapons
 c - a +3 dagger of venom (weapon)
Missiles
 n - a throwing net
Armour
 a - a +0 robe (worn)
Jewellery
 g - a +4 ring of slaying (left hand)
 o - a +4 ring of evasion (right hand)
Scrolls
 d - 2 scrolls of silence {unknown}
 i - a scroll of immolation {unknown}
 m - a scroll of amnesia {unknown}
Potions
 b - 2 potions of magic
 e - a potion of might
 j - a potion of lignification {unknown}
 k - a potion of curing {unknown}
 l - a potion of berserk rage {unknown}


   Skills:
 * Level 1.0 Fighting
 * Level 0.8 Short Blades
 * Level 2.8 Dodging
 * Level 2.3 Stealth
 * Level 4.4 Spellcasting
 * Level 0.9 Invocations


You couldn't memorise any spells.
You knew the following spells:

 Your Spells              Type           Power      Damage    Failure   Level
a - Magic Dart            Conj           100%       1d8       1%          1
b - Searing Ray           Conj           58%        2d6       1%          2
c - Dazzling Flash        Conj/Hex       58%        N/A       3%          3
d - Fulminant Prism       Conj/Hex       14%        3d9       12%         4
e - Iskenderun's Mystic   Conj/Tloc      29%        2d7       12%         4
f - Sting                 Tmut/Pois      100%       1d8       1%          1
g - Blink                 Tloc           58%        N/A       1%          2
Your spell library was empty.

Dungeon Overview and Level Annotations

Branches:
Dungeon (5/15)
 Temple: D:4-7

Altars:
Cheibriados
Wu Jian

Shops:
D:1 =*

Annotations:
D:5 Dowan, Duvessa


Innate Abilities, Weirdness & Mutations

You are immune to sickness and miasma.
You are immune to poison.
Your flesh is very heat resistant. (rF++)
You are vulnerable to cold. (rC-)
You float through the air rather than walking.
You learn spells naturally, not from books.
Your magical power is your life essence.
You have superior vitality. (+4 MHP)


Message History

You see here an iguana corpse.
Found 15 gold pieces.
Duvessa barely misses you.
Aiming: Searing Ray (safe; 1% risk of failure)
Press: ? - help, Q - select action, (/) - cycle Shift-Dir - straight line, f - Duvessa
Aim: Duvessa, wielding a +0 rapier and wearing a +0 leather armour (82% to hit)
You miscast Searing Ray.
You are very lightly contaminated with residual magic.
Nothing appears to happen.
Duvessa completely misses you.
Aiming: Searing Ray (safe; 1% risk of failure)
Press: ? - help, Q - select action, (/) - cycle Shift-Dir - straight line, f/p - Duvessa
Aim: Duvessa, wielding a +0 rapier and wearing a +0 leather armour (82% to hit)
The searing ray hits Duvessa.
Duvessa is lightly wounded. (Press . to maintain the ray.)
The searing ray hits Duvessa.
Duvessa is moderately wounded.
Dowan says, "Stay away from my face!"
Dowan casts a spell at you. You resist with some effort.
Duvessa closely misses you.
The searing ray hits Duvessa.
Duvessa is moderately wounded.
Dowan casts a spell at you. The puff of frost hits you.
You feel a terrible chill! Duvessa hits you with a +0 rapier!
The searing ray hits Duvessa.
Duvessa is moderately wounded.
You finish channelling your searing ray.
Duvessa closely misses you.
Dowan points at Duvessa and mumbles some strange words.
Duvessa seems to speed up.
Duvessa hits you with a +0 rapier!
* * * LOW HITPOINT WARNING * * *
You feel much better. Duvessa hits you with a +0 rapier!
As you read the scroll of teleportation, it crumbles to dust.
You feel strangely unstable. Duvessa hits you with a +0 rapier.
* * * LOW HITPOINT WARNING * * *
Duvessa gestures with her weapon.
Duvessa hits you with a +0 rapier!
You die...

# .... .
#.####.######..
#..............
..##...........
#...........
#...........
#.†.........
#.####...........
#..$@e...........
#.###e......$....
#.##...#####.
#.##...# #.##...#
#.. ..... ###
####


You could see Duvessa (fast) and Dowan.

Vanquished Creatures
  A scorpion (D:4)
  An iguana (D:5)
  An orc wizard (D:4)
  An adder (D:2)
  A worm (D:4)
  2 orcs (D:4)
  4 ball pythons
  6 endoplasms
  3 giant cockroaches
  2 hobgoblins
  2 jackals (D:3)
  4 quokkas
  4 bats
  4 frilled lizards
  4 goblins
  2 kobolds
  7 rats
49 creatures vanquished.

Notes
Turn   | Place    | Note
-------+----------+-------------------------------------------
     0 | D:1      | ChrisAssaf the Djinni Conjurer began the quest for the Orb.
     0 | D:1      | ChrisAssaf set off with the following spells memorised:
                  | Magic Dart, Searing Ray, Dazzling Flash, Fulminant Prism,
                  | Iskenderun's Mystic Blast.
     0 | D:1      | Reached XP level 1. HP: 15/15 MP: 0/0
    89 | D:1      | Found Bucvuf's General Store.
    96 | D:1      | Bought a scroll of identify for 24 gold pieces
   340 | D:1      | Reached XP level 2. HP: 12/21 MP: 0/0
   503 | D:2      | Found an ornate altar of the Wu Jian Council.
   677 | D:2      | Found a faded altar of an unknown god.
   698 | D:2      | Prayed at the altar of an unknown god.
   698 | D:2      | Became a worshipper of Cheibriados the Contemplative
   698 | D:2      | Reached * piety under Cheibriados
   794 | D:1      | Reached XP level 3. HP: 18/25 MP: 0/0
   794 | D:1      | Learned a level 1 spell: Sting
  1019 | D:1      | Found Tejos's Jewellery Emporium.
  1090 | D:1      | Reached ** piety under Cheibriados
  1622 | D:3      | Reached skill level 4 in Spellcasting
  1622 | D:3      | Reached XP level 4. HP: 15/31 MP: 0/0
  1962 | D:4      | Reached *** piety under Cheibriados
  1968 | D:4      | Noticed a scorpion
  1974 | D:4      | Killed a scorpion
  1975 | D:4      | Reached skill level 1 in Fighting
  1975 | D:4      | Reached XP level 5. HP: 32/37 MP: 0/0
  1975 | D:4      | Learned a level 2 spell: Blink
  2026 | D:5      | Entered Level 5 of the Dungeon
  2027 | D:5      | Noticed Duvessa
  2031 | D:5      | Noticed Dowan
  2041 | D:5      | Slain by Duvessa

Illustrated notes

Levels and vault maps discovered:
D:1:      matt_arrival_grand_opening, layout_rooms, serial_shops, shop,
          nicolae_shop_hallway_plus
D:2:      layout_loops_cross, basic_altar, shapermc_ecumenical_altar_notcrosses
D:3:      layout_rooms
D:4:      layout_basic, regret_index_temple_of_mockery,
          chequers_serial_rivers_large_a
D:5:      layout_basic, nicolae_sif_muna_condensation, serial_shops, shop,
          uniq_edmund, uniq_duvessa

Skill      XL: |  1  2  3  4 |
---------------+-------------+-----
Spellcasting   | 4 |  4.4
Stealth        | 2 |  2.3
Fighting       | 1 |  1.0
Short Blades   | |  0.8
Dodging        | |  2.8
Invocations    | |  0.9

Action                   |  1- 3 |  4- 6 || total
-------------------------+-------+-------++-------
Melee: Dagger            |    13 |     5 ||    18
 Cast: Magic Dart        |     9 |       ||     9
       Searing Ray       |    20 |     5 ||    25
       Sting             |     4 |       ||     4
  Use: Scroll            |     4 |     1 ||     5
       Potion            |       |     1 ||     1
 Stab: Sleeping          |       |     5 ||     5
Armor: Robe              |     8 |       ||     8
Dodge: Dodged            |    45 |     6 ||    51
